 Dungeon Crawl Stone Soup version 0.28-a0-1202-g1e6f1b2279 (webtiles) character file.

Game seed: 5498627623109595361

63 Htamos the Vexing (level 3, 14/14 HPs)
             Began as a Felid Enchanter on Dec 20, 2021.
             Quit the game on level 3 of the Dungeon.
             The game lasted 00:10:31 (3188 turns).

Htamos the Vexing (Felid Enchanter)                 Turns: 3188, Time: 00:10:32

Health: 14/14      AC:  1    Str:  4    XL:     3   Next: 89%
Magic:  7/7        EV: 17    Int: 16    God:
Gold:   59         SH:  0    Dex: 18    Spells: 4/6 levels left
                                        Lives:  0   Deaths: 1

rFire   . . .      SeeInvis +     - Unarmed
rCold   . . .      Faith    .   (shield unavailable)
rNeg    . . .      Spirit   .   (armour unavailable)
rPois   .          Reflect  .   (helmet unavailable)
rElec   .          Harm     .   (cloak unavailable)
rCorr   .          Rampage  .   (gloves unavailable)
Will    .....                   (boots unavailable)
Stlth   +++.......              (no amulet)
HPRegen 0.04/turn               (no ring)
MPRegen 0.10/turn               (no ring)

@: quick
A: very small, claws 1, fangs 3, see invisible, speed 1, shaggy fur 1, stealthy
paws, no weapons or thrown items, no armour, multi-lived
a: no special abilities


You were on level 3 of the Dungeon.
You visited 1 branch of the dungeon, and saw 3 of its levels.

You collected 59 gold pieces.

Inventory:

Scrolls
 b - a scroll of identify {unknown}
 c - a scroll of vulnerability {unknown}
 d - a scroll of teleportation {unknown}
 e - a scroll of magic mapping {unknown}
 f - a scroll of fog {unknown}
Potions
 g - a potion of berserk rage {unknown}
 h - a potion of lignification {unknown}


   Skills:
 - Level 2.6 Dodging
 * Level 5.9 Stealth
 + Level 2.2 Unarmed Combat
 - Level 2.0 Spellcasting
 * Level 6.1 Hexes


You had 4 spell levels left.
You knew the following spells:

 Your Spells              Type           Power      Damage    Failure   Level
a - Ensorcelled Hibernat  Hex/Ice        22%        N/A       9%          2

Your spell library contained the following spells:

 Spells                   Type           Power      Damage    Failure   Level
 Confusing Touch          Hex            21%        N/A       4%          3
 Tukima's Dance           Hex            21%        N/A       4%          3
 Dazzling Flash           Conj/Hex       22%        N/A       17%         3
 Spider Form              Tmut/Pois      1%         N/A       52%         3


Dungeon Overview and Level Annotations

Branches:
Dungeon (3/15)

Altars:
Wu Jian


Innate Abilities, Weirdness & Mutations

You have sharp claws.
You have razor-sharp teeth.
You have supernaturally acute eyesight. (SInv)
You cover ground quickly. (Speed+)
You are covered in fur. (AC +1)
Your paws help you pounce on unaware monsters.
You are incapable of wielding weapons or throwing items.
You cannot wear armour.
You gain extra lives every three experience levels.


Message History

Casting: Ensorcelled Hibernation (safe; 9% risk of failure)
Confirm with . or Enter, or press ? or * to list all spells.
Aiming: Ensorcelled Hibernation (safe; 9% risk of failure)
Press: ? - help, Shift-Dir - straight line, f/p - orc wizard
Aim: an orc wizard, wielding a +0 dagger and wearing a +0 robe (slightly transparent, chance to affect: 42%)
The orc resists with significant effort.
The orc completely misses you.
Casting: Ensorcelled Hibernation (safe; 9% risk of failure)
Confirm with . or Enter, or press ? or * to list all spells.
Aiming: Ensorcelled Hibernation (safe; 9% risk of failure)
Press: ? - help, Shift-Dir - straight line, f/p - orc wizard
Aim: an orc wizard, wielding a +0 dagger and wearing a +0 robe (slightly transparent, chance to affect: 42%)
You miscast Ensorcelled Hibernation.
You are very lightly contaminated with residual magic.
Nothing appears to happen.
* * * LOW MAGIC WARNING * * *
The orc barely misses you.
Your magical contamination has completely faded away.
Casting: Ensorcelled Hibernation (safe; 9% risk of failure)
Confirm with . or Enter, or press ? or * to list all spells.
Aiming: Ensorcelled Hibernation (safe; 9% risk of failure)
Press: ? - help, Shift-Dir - straight line, f/p - orc wizard
Aim: an orc wizard, wielding a +0 dagger and wearing a +0 robe (slightly transparent, chance to affect: 42%)
The orc looks drowsy...
* * * LOW MAGIC WARNING * * *
The helpless orc fails to defend itself.
You mangle the orc!!
You kill the orc!
You fade into invisibility!
The orc wizard casts a spell at you. The puff of flame hits you.
The orc wizard gestures at something while chanting.
The puff of flame hits you!
Ouch! That really hurt!
You die...
You are now level 3!
You rejoin the land of the living...
Unknown command.
Unknown command.
Are you sure you want to abandon this character and quit the game? (Confirm with "yes".)

#....# #.... #..#
#.#..# ###.# ...
#####.#..# #.# #..
..##.....# #.#
#.....<..#...#######.#
#.###.##.............#
#.# #.###>#.##########
#.###.# #.#.#
#.########.##.@###.#.#
#...........#.##.....#
#######.....#.##.....#
#####.###...)†.....#
#....#.####.##.....#
#.###.## #.##.....#
#(# ## #.####.### #.#
#.# #.# #.# #.# #.#


There were no monsters in sight!

Vanquished Creatures
  An orc priest (D:3)
  3 gnolls (D:2)
  An adder (D:3)
  A worm (D:3)
  3 dart slugs
  4 orcs (D:3)
  5 bats
  4 endoplasms
  3 giant cockroaches
  4 hobgoblins
  4 ball pythons
  4 frilled lizards
  5 goblins
  7 kobolds
  3 rats
52 creatures vanquished.

Notes
Turn   | Place    | Note
-------+----------+-------------------------------------------
     0 | D:1      | Htamos the Felid Enchanter began the quest for the Orb.
     0 | D:1      | Reached XP level 1. HP: 7/7 MP: 4/4
   613 | D:1      | Reached XP level 2. HP: 11/11 MP: 6/6
   616 | D:1      | Learned a level 2 spell: Ensorcelled Hibernation
  1053 | D:2      | Reached skill level 5 in Hexes
  1214 | D:2      | Found an ornate altar of the Wu Jian Council.
  1543 | D:2      | Reached XP level 3. HP: 14/14 MP: 2/7
  1545 | D:2      | Reached skill level 5 in Stealth
  2640 | D:3      | Reached XP level 4. HP: 18/18 MP: 5/8
  3050 | D:3      | Reached skill level 6 in Hexes
  3187 | D:3      | Killed from afar by an orc wizard
  3188 | D:3      | Reached XP level 3. HP: 0/14 MP: 0/7
  3188 | D:3      | Quit the game

Illustrated notes

Levels and vault maps discovered:
D:1:      dpeg_arrival_short_road, layout_rooms,
          hangedman_decor_clover_reticule, due_unseen_surprise
D:2:      layout_basic, basic_altar
D:3:      layout_loops_ring, minmay_cut_off, uniq_sigmund

Skill      XL: |  1  2  3  4 |
---------------+-------------+-----
Hexes          | 5 6 |  6.1
Stealth        | 5 |  5.9
Unarmed Combat | 2 |  2.2
Dodging        | |  2.6
Spellcasting   | |  2.0

Action                   |  1- 3 |  4- 6 || total
-------------------------+-------+-------++-------
Melee: Unarmed           |    66 |    25 ||    91
       Bite              |     1 |     1 ||     2
 Cast: Ensorcelled Hiber |    32 |    18 ||    50
  Use: Potion            |       |     1 ||     1
 Stab: Sleeping          |    25 |    15 ||    40
Armor: Skin              |     8 |       ||     8
Dodge: Dodged            |    80 |    14 ||    94

Table legend: (Time is in decaauts)
 A = Elapsed time spent in this place.
 B = Non-inter-level travel time spent in this place.
 C = Inter-level travel time spent in this place.
 D = Time resting spent in this place.
 E = Time spent auto-exploring this place.
 F = Levels seen in this place.
 G = Mean time per level.
                   A        B        C        D        E       F      G
               +--------+--------+--------+--------+--------+-----+--------+
         Total |   2826 |   2806 |     20 |    604 |   1166 |   3 |  942.0 |
       Dungeon |   2826 |   2806 |     20 |    604 |   1166 |   3 |  942.0 |
               +--------+--------+--------+--------+--------+-----+--------+

Top non-repeatable levels by time:
     D:1: 1060 daAuts
     D:3: 953 daAuts
     D:2: 812 daAuts
